 Dungeon Crawl Stone Soup version 0.23-a0-204-g3eb00d1601 (webtiles) character file.

283 PikkenKukken the Shield-Bearer (level 6, -4/53 HPs)
             Began as a Gnoll Fighter on Sept 24, 2018.
             Was a Follower of Yredelemnul.
             Slain by a wight
             ... wielding a cursed +3 halberd
              (6 damage)
             ... on level 7 of the Dungeon.
             The game lasted 00:04:51 (2107 turns).

PikkenKukken the Shield-Bearer (Gnoll Fighter)      Turns: 2107, Time: 00:04:52

Health: -4/53      AC:  7    Str: 24    XL:     6   Next: 28%
Magic:  8/8        EV:  9    Int: 11    God:    Yredelemnul [*.....]
Gold:   108        SH: 12    Dex: 15    Spells: 8/8 levels left

rFire    . . .     SeeInvis +   a - +1 long sword
rCold    . . .     Gourm    .   c - +1 shield
rNeg     . . .     Faith    .   b - +0 scale mail
rPois    +         Spirit   .   (no helmet)
rElec    .         Reflect  .   (no cloak)
rCorr    .         Harm     .   (no gloves)
MR       .....                  (no boots)
Stlth    ..........             (no amulet)
HPRegen  0.17/turn              g - ring of poison resistance
MPRegen  0.11/turn              m - ring of see invisible

@: mighty, drained
A: distributed training, fangs 1, strong nose
a: Animate Remains, Renounce Religion


You were on level 7 of the Dungeon.
You worshipped Yredelemnul.
Yredelemnul was aware of your devotion.
You were not hungry.

You visited 1 branch of the dungeon, and saw 5 of its levels.

You collected 108 gold pieces.

Inventory:

Hand Weapons
 a - a +1 long sword (weapon)
Missiles
 j - 8 poisoned javelins (quivered)
 p - 2 javelins
Armour
 b - a +0 scale mail (worn)
 c - a +1 shield (worn)
Jewellery
 g - a ring of poison resistance (left hand)
 m - a ring of see invisible (right hand)
Scrolls
 e - a scroll of enchant weapon
 h - a scroll of amnesia {unknown}
 n - a scroll of magic mapping
 s - a scroll of teleportation
Potions
 d - a potion of might
 i - 2 potions of lignification
 l - a potion of cancellation
 o - a potion of resistance {unknown}
 q - a potion of heal wounds {unknown}
 r - a potion of agility {unknown}
 t - a potion of berserk rage {unknown}
Comestibles
 f - 5 rations
 u - 3 chunks of flesh


   Skills:
 + Level 6.8(6.3) Fighting
 + Level 1.8(1.4) Short Blades
 + Level 4.9(4.4) Long Blades
 + Level 1.8(1.4) Axes
 + Level 1.8(1.4) Maces & Flails
 + Level 1.8(1.4) Polearms
 + Level 1.8(1.4) Staves
 + Level 1.8(1.4) Slings
 + Level 1.8(1.4) Bows
 + Level 1.8(1.4) Crossbows
 + Level 1.8(1.4) Throwing
 + Level 6.8(6.3) Armour
 + Level 1.8(1.4) Dodging
 + Level 1.8(1.4) Stealth
 + Level 6.8(6.3) Shields
 + Level 1.8(1.4) Unarmed Combat
 + Level 1.8(1.4) Spellcasting
 + Level 1.4(1.0) Conjurations
 + Level 1.4(1.0) Hexes
 + Level 1.4(1.0) Charms
 + Level 1.4(1.0) Summonings
 + Level 1.4(1.0) Necromancy
 + Level 1.4(1.0) Translocations
 + Level 1.4(1.0) Transmutations
 + Level 1.4(1.0) Fire Magic
 + Level 1.4(1.0) Ice Magic
 + Level 1.4(1.0) Air Magic
 + Level 1.4(1.0) Earth Magic
 + Level 1.4(1.0) Poison Magic
 + Level 2.0(1.6) Invocations
 + Level 1.8(1.4) Evocations


You had 8 spell levels left.
You didn't know any spells.
Your spell library was empty.

Dungeon Overview and Level Annotations

Branches:
Dungeon (4/15)
 Temple: D:4-7

Altars:
Dithmenos
Vehumet
Yredelemnul


Innate Abilities, Weirdness & Mutations

Your experience applies equally to all skills.
You have very sharp teeth.
Your uncanny sense of smell can sniff out nearby items.


Message History

The wight hits you with a war axe.
The wight hits you from afar with an enchanted halberd!
* * * LOW HITPOINT WARNING * * *
You feel drained.
* * * LOW HITPOINT WARNING * * *
The wight closely misses you.
Items here: )) [[ a dire flail; a robe; an enchanted war axe; a robe Unknown command.
The wight hits you from afar with an enchanted halberd!
* * * LOW HITPOINT WARNING * * *
You feel better.
The wight hits you from afar with an enchanted halberd!
* * * LOW HITPOINT WARNING * * *
The wight barely misses you.
You slash the wight! Your bite misses the wight.
The wight is severely damaged.
The wight hits you from afar with an enchanted halberd.
You die...
Your body rises from the dead as a mindless zombie.

#.....# ∆
#.....######
#...........
#.......^...
#.....%....
#........
#..)..# #...z@#
#.....#
.......z....
...............
................
...............♣
#####..........♣
∆ #.....####..


You could see 2 wights.

Vanquished Creatures
  3 wights (D:7)
  An orc priest (D:3)
  6 adders
  An ooze (D:1)
  An adder skeleton (D:2)
  4 dart slugs
  3 leopard geckos
  4 orcs
  3 giant cockroaches
  6 goblins
  2 hobgoblins
  4 jackals (D:2)
  A quokka (D:2)
  A ball python (D:1)
  7 bats
  3 frilled lizards
  8 kobolds
  9 rats
  A spectral orc (D:2)
68 creatures vanquished.

Notes
Turn   | Place    | Note
-------+----------+-------------------------------------------
     0 | D:1      | PikkenKukken the Gnoll Fighter began the quest for the Orb.
     0 | D:1      | Reached XP level 1. HP: 23/23 MP: 1/1
   154 | D:1      | Reached XP level 2. HP: 29/29 MP: 2/2
   343 | D:1      | Reached XP level 3. HP: 35/35 MP: 3/3
   665 | D:2      | Reached skill level 1 in Invocations
   731 | D:2      | Reached skill level 1 in Short Blades
   731 | D:2      | Reached skill level 1 in Axes
   731 | D:2      | Reached skill level 1 in Maces & Flails
   731 | D:2      | Reached skill level 1 in Polearms
   731 | D:2      | Reached skill level 1 in Staves
   731 | D:2      | Reached skill level 1 in Slings
   731 | D:2      | Reached skill level 1 in Bows
   731 | D:2      | Reached skill level 1 in Crossbows
   731 | D:2      | Reached skill level 1 in Throwing
   731 | D:2      | Reached skill level 1 in Dodging
   731 | D:2      | Reached skill level 1 in Stealth
   731 | D:2      | Reached skill level 1 in Unarmed Combat
   731 | D:2      | Reached skill level 1 in Spellcasting
   731 | D:2      | Reached skill level 1 in Evocations
   736 | D:2      | Found a shadowy altar of Dithmenos.
   774 | D:2      | Reached XP level 4. HP: 37/41 MP: 5/5
   847 | D:2      | Found a radiant altar of Vehumet.
   900 | D:2      | Found a basalt altar of Yredelemnul.
   908 | D:2      | Became a worshipper of Yredelemnul the Dark
  1171 | D:2      | Found a faded altar of an unknown god.
  1247 | D:3      | Reached skill level 1 in Conjurations
  1247 | D:3      | Reached skill level 1 in Hexes
  1247 | D:3      | Reached skill level 1 in Charms
  1247 | D:3      | Reached skill level 1 in Summonings
  1247 | D:3      | Reached skill level 1 in Necromancy
  1247 | D:3      | Reached skill level 1 in Translocations
  1247 | D:3      | Reached skill level 1 in Transmutations
  1247 | D:3      | Reached skill level 1 in Fire Magic
  1247 | D:3      | Reached skill level 1 in Ice Magic
  1247 | D:3      | Reached skill level 1 in Air Magic
  1247 | D:3      | Reached skill level 1 in Earth Magic
  1247 | D:3      | Reached skill level 1 in Poison Magic
  1440 | D:3      | Reached XP level 5. HP: 47/47 MP: 6/6
  1749 | D:3      | Reached * piety under Yredelemnul
  2096 | D:4      | You fall through a shaft for 3 floors!
  2101 | D:7      | Reached XP level 6. HP: 33/53 MP: 8/8
  2106 | D:7      | HP: 2/53 [wight/enchanted halberd (11)]
  2107 | D:7      | Slain by a wight

Vault maps used:
D:1:      dpeg_arrival_windows_large_door
D:2:      yredelemnul_forgotten_temple_becter, vehumet_crystals,
          chequers_ecumenical_altar_grove, grunt_dithmenos_smoke
D:4:      gammafunk_steamed_eel, minmay_temple_entry_trees, serial_shops, shop,
          first_ration
D:7:      kennysheep_little_box, serial_shops, shop,
          ebering_ghost_reflecting_pool, serial_bayou_crossing

Skill      XL: |  1  2  3  4  5 |
---------------+----------------+-----
Invocations    | 1 2 |  2.0
Short Blades   | 1 |  1.8
Axes           | 1 |  1.8
Maces & Flails | 1 |  1.8
Polearms       | 1 |  1.8
Staves         | 1 |  1.8
Slings         | 1 |  1.8
Bows           | 1 |  1.8
Crossbows      | 1 |  1.8
Throwing       | 1 |  1.8
Dodging        | 1 |  1.8
Stealth        | 1 |  1.8
Unarmed Combat | 1 |  1.8
Spellcasting   | 1 |  1.8
Evocations     | 1 |  1.8
Conjurations   | 1 |  1.4
Hexes          | 1 |  1.4
Charms         | 1 |  1.4
Summonings     | 1 |  1.4
Necromancy     | 1 |  1.4
Translocations | 1 |  1.4
Transmutations | 1 |  1.4
Fire Magic     | 1 |  1.4
Ice Magic      | 1 |  1.4
Air Magic      | 1 |  1.4
Earth Magic    | 1 |  1.4
Poison Magic   | 1 |  1.4
Fighting       | |  6.8
Long Blades    | |  4.9
Armour         | |  6.8
Shields        | |  6.8

Action                   |  1- 3 |  4- 6 || total
-------------------------+-------+-------++-------
Melee: Long sword        |    80 |    99 ||   179
       Bite              |    10 |    12 ||    22
Throw: Javelin           |     1 |     7 ||     8
  Use: Scroll            |     4 |     8 ||    12
       Potion            |       |     2 ||     2
  Eat: Chunk             |       |     4 ||     4
Armor: Scale mail        |    33 |    34 ||    67
Dodge: Dodged            |    23 |    32 ||    55
Block: Shield            |    53 |    68 ||   121
       Rpst.: Long sword |    11 |     8 ||    19

Table legend:
 A = Non-vault XP
 B = Vault XP
 C = Vault XP percentage of total XP
 D = Non-vault monster count
 E = Vault monster count
 F = Vault count percentage of total count
                 A         B        C        D         E       F
            +---------+---------+-------+---------+---------+-------
      Total |     404 |       1 |   0.2 |      67 |       1 |   1.5
            +---------+---------+-------+---------+---------+-------
        D:1 |      44 |       0 |   0.0 |      22 |       0 |   0.0
        D:2 |      79 |       1 |   1.2 |      23 |       1 |   4.2
        D:3 |     104 |       0 |   0.0 |      17 |       0 |   0.0
        D:4 |       6 |       0 |   0.0 |       2 |       0 |   0.0
        D:7 |     171 |       0 |   0.0 |       3 |       0 |   0.0
            +---------+---------+-------+---------+---------+-------
